 Dungeon Crawl Stone Soup version 0.29-a0-772-ga24da20 (webtiles) character file.

Game seed: 11702094359135998947

2146 Illumine the Summoner (level 9, 0/39 HPs)
             Began as a Felid Summoner on July 1, 2022.
             Was an Initiate of Gozag.
             Killed from afar by an electric eel (10 damage)
             ... with a bolt of electricity
             ... on level 8 of the Dungeon.
             The game lasted 00:26:01 (13314 turns).

Illumine the Summoner (Felid Summoner)             Turns: 13314, Time: 00:26:02

Health: 0/39       AC:  2    Str:  4    XL:     9   Next: 9%
Magic:  9/21       EV: 21    Int: 20    God:    Gozag
Gold:   990        SH:  0    Dex: 17    Spells: 9/22 levels left
                                        Lives:  0   Deaths: 2

rFire   . . .      SeeInvis +   (weapon unavailable)
rCold   . . .      Faith    .   (shield unavailable)
rNeg    . . .      Spirit   .   (body armour unavailable)
rPois   .          Reflect  .   (helmet unavailable)
rElec   .          Harm     .   (cloak unavailable)
rCorr   .          Rampage  .   (gloves unavailable)
Will    +....                   (boots unavailable)
Stlth   ++........              (no amulet)
HPRegen 0.13/turn               (no ring)
MPRegen 0.17/turn               (no ring)

@: quick
A: very small, claws 1, fangs 3, see invisible, speed 1, shaggy fur 2, stealthy
paws, no weapons or thrown items, no armour, multi-lived
a: Renounce Religion, Potion Petition, Call Merchant, Bribe Branch


You were on level 8 of the Dungeon.
You worshipped Gozag.
Gozag was pleased with you.
You visited 1 branch of the dungeon, and saw 8 of its levels.

You collected 1116 gold pieces.
You spent 52 gold pieces at shops.
You paid 74 gold pieces to Gozag.

Inventory:

Wands
 n - a wand of flame (44)
 v - a wand of polymorph (9)
Scrolls
 b - a scroll of amnesia {unknown}
 e - 3 scrolls of torment
 f - a scroll of immolation {unknown}
 i - 2 scrolls of poison
 j - 3 scrolls of teleportation
 k - a scroll of vulnerability {unknown}
 l - 4 scrolls of fear
 p - a scroll of enchant weapon {unknown}
 q - a scroll of fog {unknown}
 u - 2 scrolls of magic mapping
Potions
 a - a potion of magic
 c - 2 potions of attraction
 g - a potion of berserk rage
 h - 2 potions of ambrosia
 m - a potion of mutation
 o - a potion of lignification {unknown}
 r - 4 potions of curing
 s - a potion of brilliance {unknown}
 t - a potion of flight {unknown}


   Skills:
 + Level 4.4 Fighting
 + Level 6.6 Dodging
 - Level 2.6 Stealth
 + Level 7.4 Spellcasting
 - Level 4.0 Hexes
 + Level 8.8 Summonings
 - Level 6.0 Air Magic


You had 9 spell levels left.
You knew the following spells:

 Your Spells              Type           Power      Damage    Failure   Level
a - Summon Small Mammal   Summ           100%       N/A       1%          1
b - Call Imp              Summ           42%        N/A       1%          2
c - Call Canine Familiar  Summ           42%        N/A       1%          3
d - Summon Guardian Gole  Hex/Summ       33%        N/A       1%          3
e - Summon Lightning Spi  Summ/Air       37%        N/A       4%          4

Your spell library contained the following spells:

 Spells                   Type           Power      Damage    Failure   Level
 Swiftness                Air            31%        N/A       2%          3
 Ensorcelled Hibernation  Hex/Ice        30%        N/A       6%          2
 Magic Dart               Conj           28%        1d4       9%          1
 Dazzling Flash           Conj/Hex       30%        N/A       12%         3
 Mephitic Cloud           Conj/Pois/Air  15%        N/A       12%         3
 Passwall                 Tmut/Erth      5%         N/A       14%         2
 Sublimation of Blood     Necr           7%         N/A       14%         2
 Wereblood                Tmut           7%         N/A       14%         2
 Ignite Poison            Fire/Tmut/Pois 7%         N/A       26%         3
 Ozocubu's Armour         Ice            7%         N/A       26%         3
 Silence                  Hex/Air        13%        N/A       32%         5
 Freezing Cloud           Conj/Ice/Air   7%         6-21      73%         5
 Summon Hydra             Summ           21%        N/A       90%         7
 Agony                    Necr           7%         N/A       94%         5
 Ozocubu's Refrigeration  Ice            3%         4d5       100%        7


Dungeon Overview and Level Annotations

Branches:
Dungeon (8/15)             Temple (0/1) D:5
   Lair: D:8-11

Altars:
Ashenzari
Dithmenos
Fedhas
Gozag
Nemelex Xobeh
Sif Muna
Uskayaw
The Shining One

Shops:
D:7 *?

Annotations:
D:3 Ijyb


Innate Abilities, Weirdness & Mutations

You have sharp claws.
You have razor-sharp teeth.
You have supernaturally acute eyesight. (SInv)
You cover ground quickly. (Speed+)
You are covered in thick fur. (AC +2)
Your paws help you pounce on unaware monsters.
You are incapable of wielding weapons or throwing items.
You cannot wear armour.
You gain extra lives every three experience levels.


Message History

Your guardian golem resists.
The bolt of electricity hits you!
Casting: Summon Guardian Golem (safe; 1% risk of failure)
Confirm with . or Enter, or press ? or * to list all spells.
The electric eel shoots out a bolt of lightning at you!
The bolt of electricity hits your guardian golem.
Your guardian golem resists.
The bolt of electricity hits you!
Unknown command.
Casting: Call Canine Familiar (safe; 1% risk of failure)
Confirm with . or Enter, or press ? or * to list all spells.
A guardian golem appears, shielding your allies.
Your guardian golem disappears in a puff of smoke!
Unknown command.
Things that are here:
3 gold pieces; a +0 spear; a +0 ring mail
Casting: Summon Guardian Golem (safe; 1% risk of failure)
Confirm with . or Enter, or press ? or * to list all spells.
The spell is quite dangerous to miscast (4% risk of failure)!
Continue anyway?
An electric hum fills the air.
Your hound closely misses the electric eel.
The electric eel shoots out a bolt of lightning at you!
The bolt of electricity misses you. The bolt of electricity hits you!
* * * LOW HITPOINT WARNING * * *
Unknown command.
Your hound completely misses the electric eel.
Things that are here:
3 gold pieces; a +0 spear; a +0 ring mail Your hound misses the electric eel.
A two-headed ogre comes into view. It is wielding two +0 giant clubs.
Your hound bites the electric eel.
Unknown command.
Your hound bites the electric eel.
Unknown command.
The electric eel shoots out a bolt of lightning at you!
The bolt of electricity hits your lightning spire.
Your lightning spire completely resists.
The bolt of electricity hits you!
You die...
Your body crumbles into a pile of gold.

...........####
...........####
≈°≈≈≈..#......#
≈≈≈≈≈.#######.##
○§§...# #..#
≈≈≈☼≈.# ##.##
≈≈○≈≈.# #..#
......# #####.##
...#...
.#...#$@#
.#..##.
.......#$# ....
.....♣9..# ...
♣.≈.♣.8...#
.≈≈≈h...#.#
≈≈O≈S..# .#
.≈≈≈... ##
.≈.♣.. ......


You could see an electric eel (ally target) and a friendly lightning spire
(summoned, sheltered).

Vanquished Creatures
  A bullfrog (D:6)
  A jelly (D:7)
  3 bats
  A hobgoblin (D:1)
  2 ball pythons (D:1)
8 creatures vanquished.

Vanquished Creatures (collateral kills)
  A wyvern (D:8)
  3 yaks (D:8)
  3 steam dragons (D:8)
  An acid dragon (D:8)
  A water moccasin (D:7)
  An orc warrior (D:8)
  An ice beast (D:5)
  2 centaurs
  A kobold brigand (D:8)
  A gnoll sergeant (D:8)
  3 bullfrogs
  A necrophage (D:7)
  A scorpion (D:6)
  2 howler monkeys
  2 jellies (D:7)
  2 hounds
  2 orc priests
  4 orc wizards
  4 adders
  6 gnolls
  A shadow imp (D:5)
  4 white imps
  A worm (D:4)
  22 orcs
  5 ball pythons
  A bat (D:2)
  10 endoplasms
  4 giant cockroaches
  5 hobgoblins
  9 jackals
  7 kobolds
  4 quokkas
  A frilled lizard (D:3)
  7 goblins
  2 rats (D:1)
125 creatures vanquished.

Vanquished Creatures (others)
  A hornet (D:7)
  2 wyverns (D:7)
  3 steam dragons
  An ice beast (D:6)
  2 orc warriors
  3 centaurs
  A bullfrog (D:8)
  2 gnoll sergeants (D:8)
  3 wights (D:7)
  3 gnolls (D:8)
  An adder (D:7)
  A white imp (D:8)
  An orc (D:5)
  20 fungi (D:6)
  A plant (D:5)
45 creatures vanquished.

Grand Total: 178 creatures vanquished

Notes
Turn   | Place    | Note
-------+----------+-------------------------------------------
     0 | D:1      | Illumine the Felid Summoner began the quest for the Orb.
     0 | D:1      | Reached XP level 1. HP: 7/7 MP: 4/4
   403 | D:1      | Reached XP level 2. HP: 11/11 MP: 3/6
   406 | D:1      | Learned a level 2 spell: Call Imp
  1606 | D:2      | Reached XP level 3. HP: 8/14 MP: 4/8
  1890 | D:2      | Learned a level 3 spell: Call Canine Familiar
  2618 | D:3      | Reached XP level 4. HP: 18/18 MP: 7/9
  2635 | D:3      | Learned a level 3 spell: Summon Guardian Golem
  3060 | D:3      | Noticed Ijyb
  3205 | D:4      | Reached skill level 5 in Summonings
  3325 | D:4      | Reached skill level 1 in Hexes
  3545 | D:4      | Reached XP level 5. HP: 21/21 MP: 5/11
  4034 | D:4      | Found a glowing golden altar of the Shining One.
  4072 | D:4      | Found an opulent altar of Gozag.
  4075 | D:4      | Became a worshipper of Gozag Ym Sagoz the Greedy
  4508 | D:5      | Entered Level 5 of the Dungeon
  4508 | D:5      | Noticed a steam dragon
  4548 | D:5      | Noticed an ice beast
  4578 | D:5      | Killed an ice beast
  4579 | D:5      | Gained mutation: You are covered in thick fur. (AC +2)
                  | [Felid growth]
  4579 | D:5      | Reached XP level 6. HP: 18/24 MP: 4/13
  4667 | D:5      | Learned a level 4 spell: Summon Lightning Spire
  4702 | D:5      | Killed a steam dragon
  4703 | D:5      | Reached skill level 1 in Air Magic
  5016 | D:5      | Found a blossoming altar of Fedhas.
  5198 | D:5      | Noticed a steam dragon
  5218 | D:5      | Killed a steam dragon
  5219 | D:5      | Reached skill level 6 in Summonings
  5219 | D:5      | Reached XP level 7. HP: 15/27 MP: 12/14
  5865 | D:5      | Found a staircase to the Ecumenical Temple.
  6074 | D:6      | Reached skill level 5 in Spellcasting
  6332 | D:6      | Noticed a steam dragon
  7075 | D:6      | Reached XP level 8. HP: 24/31 MP: 8/17
  7170 | D:6      | Reached skill level 7 in Summonings
  7233 | D:6      | Killed by an exploding themself... ignited by their inner
                  | flame
  7234 | D:6      | Reached XP level 7. HP: -15/27 MP: 16/16
  7980 | D:6      | Found a broken altar of Ashenzari.
  8111 | D:6      | Noticed a steam dragon
  8127 | D:6      | HP: 1/27 [something] (7)]
  8465 | D:6      | HP: 1/27 [something] (7)]
  8479 | D:6      | Killed a steam dragon
  8980 | D:7      | Noticed a hornet
  9028 | D:7      | Found Ugamueb's Magic Scroll Emporium.
  9122 | D:7      | Bought a scroll of fear for 52 gold pieces
  9236 | D:7      | Noticed a wyvern
  9251 | D:7      | Killed a wyvern
  9252 | D:7      | Reached XP level 8. HP: 18/31 MP: 9/18
  9416 | D:7      | Killed a hornet
  9417 | D:7      | Reached skill level 1 in Fighting
  9417 | D:7      | Reached skill level 5 in Air Magic
 10882 | D:7      | Found Gosareo's Serpentskin Sales.
 10929 | D:7      | Reached skill level 8 in Summonings
 10929 | D:7      | Reached XP level 9. HP: 37/37 MP: 14/19
 11020 | D:7      | Found a hide-covered altar of Uskayaw.
 11186 | D:8      | Reached skill level 5 in Dodging
 12301 | D:8      | Found a shadowy altar of Dithmenos.
 12983 | D:8      | Killed from afar by a steam dragon
 12984 | D:8      | Reached XP level 8. HP: -2/36 MP: 12/19
 13144 | D:8      | Found a sparkling altar of Nemelex Xobeh.
 13159 | D:8      | Found a shimmering blue altar of Sif Muna.
 13242 | D:8      | Reached XP level 9. HP: 39/39 MP: 11/21
 13312 | D:8      | Noticed a two-headed ogre
 13314 | D:8      | Killed from afar by an electric eel

Illustrated notes

Levels and vault maps discovered:
D:1:      psy_arrival_statuary, layout_basic, minmay_misc_feat_room
D:2:      layout_basic, feat_on_display
D:3:      layout_basic, nicolae_qazlal_style_of_elements, nrook_uturn,
          grunt_ministairs_1, minmay_misc_feat_more_columns, uniq_ijyb
D:4:      layout_basic, tso_metal_star, kennysheep_mini, grunt_ministairs_1
D:5:      layout_loops_ring, fedhas_ov_isle_minmay,
          minmay_temple_entry_drinking_statues, st_stairs_9
D:6:      kennysheep_steamy, layout_basic, mainiacjoe_overflow_alcove_2
D:7:      layout_loops_ring, lemuel_round_altar, serial_shops, shop,
          guppyfry_shop_venom
D:8:      black_bear_nest_2, layout_cave_pools, mainiacjoe_overflow_24_doors,
          nemelex_spade_bored_becter, nicolae_sif_muna_condensation,
          serial_park, serial_park_square3 [serial_park_minivault_5x5_2],
          serial_park_tiny_1, serial_park_tiny_2, serial_park_square1
          [serial_park_minivault_5x5_2], kennysheep_doodads,
          kennysheep_kite_vault

Skill      XL: |  1  2  3  4  5  6  7  8  9 |
---------------+----------------------------+-----
Spellcasting   | 3 4 6 7 |  7.4
Summonings     | 5 6 8 |  8.8
Hexes          | 1 3 4 |  4.0
Air Magic      | 1 4 5 6 |  6.0
Dodging        | 3 4 6 |  6.6
Fighting       | 2 4 |  4.4
Stealth        | |  2.6

Action                   |  1- 3 |  4- 6 |  7- 9 || total
-------------------------+-------+-------+-------++-------
Melee: Unarmed           |    18 |    12 |    13 ||    43
       Bite              |     3 |       |     3 ||     6
       Punch             |       |     1 |       ||     1
 Cast: Summon Small Mamm |    30 |     5 |       ||    35
       Call Imp          |    17 |     8 |     8 ||    33
       Call Canine Famil |     2 |    17 |    53 ||    72
       Summon Guardian G |       |     4 |    46 ||    50
       Summon Lightning  |       |       |    20 ||    20
  Use: Scroll            |       |     5 |     6 ||    11
 Stab: Sleeping          |     1 |       |       ||     1
       Distracted        |       |       |     1 ||     1
Armor: Skin              |     3 |       |     2 ||     5
Dodge: Dodged            |    30 |    21 |    45 ||    96

Table legend: (Time is in decaauts)
 A = Elapsed time spent in this place.
 B = Non-inter-level travel time spent in this place.
 C = Inter-level travel time spent in this place.
 D = Time resting spent in this place.
 E = Time spent auto-exploring this place.
 F = Levels seen in this place.
 G = Mean time per level.
                   A        B        C        D        E       F      G
               +--------+--------+--------+--------+--------+-----+--------+
         Total |  12104 |  11656 |    448 |   3526 |   5813 |   8 | 1513.0 |
       Dungeon |  12104 |  11656 |    448 |   3526 |   5813 |   8 | 1513.0 |
               +--------+--------+--------+--------+--------+-----+--------+

Top non-repeatable levels by time:
     D:7: 2411 daAuts
     D:6: 2351 daAuts
     D:5: 1697 daAuts
     D:8: 1614 daAuts
     D:1: 1394 daAuts
     D:4: 1269 daAuts
     D:3: 701 daAuts
     D:2: 664 daAuts
